 Dungeon Crawl Stone Soup version 0.17-a0-1572-g7a1422d (webtiles) character file.

68976 karlkraus the Bludgeoner (level 14, 0/148 HPs)
             Began as a Minotaur Fighter on July 25, 2015.
             Was the Champion of Qazlal.
             Slain by an alligator (5 damage)
             ... on level 3 of the Swamp on July 26, 2015.
             The game lasted 01:22:16 (15420 turns).

karlkraus the Bludgeoner (Minotaur Fighter)        Turns: 15420, Time: 01:22:16

Health: 0/148      AC: 33    Str: 34    XL:     14   Next: 88%
Magic:  13/13      EV: 14    Int:  3    God:    Qazlal [******]
Gold:   1399       SH:  8    Dex: 11    Spells: 0 memorised, 13 levels left

rFire  + . .     SeeInvis +     n - +3 great mace (protect)
rCold  + . .     Clarity  +     h - +1 chain mail
rNeg   . . .     SustAt   .     (no shield)
rPois  .         Gourm    .     q - +1 hat
rElec  .         Spirit   .     G - +2 cloak
rCorr  .         Warding  .     i - +1 pair of gloves
rMut   .         Stasis   .     E - +1 pair of boots
MR     +++..                    K - amulet of regeneration
Stlth  ..........               L - ring of Yclac {rF+ AC+2}
                                N - ring of protection from magic

@: mighty, about to teleport, protected from cold, repel missiles, extremely
resistant to hostile enchantments, extremely unstealthy
A: retaliatory headbutt, horns 2, icy blue scales 1, slimy green scales 1, see
invisible, clarity, dopey 1, magic resistance 1, robust 1, screaming 1, strong 2
a: Upheaval, Elemental Force, Disaster Area, Renounce Religion


You were on level 3 of the Swamp.
You worshipped Qazlal.
Qazlal was exalted by your worship.
You were very hungry.

You visited 5 branches of the dungeon, and saw 21 of its levels.
You also visited: Ossuary.

You collected 1399 gold pieces.

Inventory:

Hand weapons
 n - a +3 great mace of protection (weapon)
 t - a +4 flail of venom
Armour
 h - a +1 chain mail (worn)
 i - a +1 pair of gloves (worn)
 q - a +1 hat (worn)
 E - a +1 pair of boots (worn)
 G - a +2 cloak (worn)
Jewellery
 K - an amulet of regeneration (around neck)
 L - the ring of Yclac (right hand) {rF+ AC+2}
   (You found it on level 3 of the Spider Nest)

   [ring of protection]

   It affects your AC (+2).
   It protects you from fire.
 N - a ring of protection from magic (left hand)
Magical devices
 c - a wand of flame (15)
 g - a wand of enslavement (16)
 u - a wand of digging (16)
 v - a wand of fire (7)
 x - a wand of heal wounds (0)
 z - a wand of cold (7)
 F - a wand of frost (29)
 J - a wand of disintegration (19)
 M - a wand of paralysis (8)
 T - a wand of draining (11)
Scrolls
 s - 9 scrolls of remove curse
 A - a scroll of fear
 C - a scroll of identify
 R - a scroll of teleportation
Potions
 d - 3 potions of ambrosia
 f - 3 potions of brilliance
 k - 6 potions of curing
 m - 4 potions of lignification
 r - 2 potions of cancellation
 w - 4 potions of cure mutation
 H - a potion of flight
 I - 6 potions of agility
 P - 6 potions of magic
 S - 2 potions of haste
Books
 B - a book of Transfigurations

   Spells                             Type                      Level
   a - Stoneskin                      Transmutation/Earth          2
   b - Irradiate                      Conjuration/Transmutation    5
   c - Statue Form                    Transmutation/Earth          6
   d - Hydra Form                     Transmutation                6
   e - Dragon Form                    Transmutation                7
 Q - Lehudib's Papyrus of Fiery Attacks
   (You found it on level 3 of the Lair of Beasts)

   Spells                             Type                      Level
   a - Flame Tongue                   Conjuration/Fire             1
   b - Throw Flame                    Conjuration/Fire             2
   c - Searing Ray                    Conjuration                  2
   d - Conjure Flame                  Conjuration/Fire             3
   e - Orb of Destruction             Conjuration                  7
 W - Roxanne's Volume of Earth and Shape Shifting
   (You took it off Roxanne on level 3 of the Spider Nest)

   Spells                             Type                      Level
   a - Sandblast                      Earth                        1
   b - Stoneskin                      Transmutation/Earth          2
   c - Statue Form                    Transmutation/Earth          6
   d - Shatter                        Earth                        9
 Z - a book of the Sky

   Spells                             Type                      Level
   a - Summon Lightning Spire         Summoning/Air                4
   b - Airstrike                      Air                          4
   c - Silence                        Hexes/Air                    5
   d - Deflect Missiles               Charms/Air                   6
   e - Conjure Ball Lightning         Conjuration/Air              6
   f - Tornado                        Air                          9
Miscellaneous
 l - a fan of gales (inert)
 V - a phial of floods
Comestibles
 a - 13 royal jellies
 b - 8 meat rations
 e - 14 bread rations
 j - 17 fruits


   Skills:
 + Level 15.0 Fighting
 + Level 17.2 Maces & Flails
 + Level 13.8 Armour
 + Level 9.8 Dodging
 + Level 2.1 Stealth
   Level 12.5 Shields
 + Level 1.2 Evocations


You had 13 spell levels left.
You didn't know any spells.

Dungeon Overview and Level Annotations

Branches:
Dungeon (8/15)             Temple (1/1) D:5            Lair (5/8) D:8
  Swamp (3/4) Lair:5       Spider (4/4) Lair:5

Altars:
Ashenzari
Cheibriados
Dithmenos
Elyvilon
Fedhas
Gozag
Kikubaaqudgha
Makhleb
Nemelex Xobeh
Okawaru
Qazlal
Ru
Sif Muna
Trog
Vehumet
Xom
Yredelemnul
Zin
The Shining One


Innate Abilities, Weirdness & Mutations

You reflexively headbutt those who attack you in melee.
You have a pair of horns on your head.
You are partially covered in icy blue scales (AC +1).
You are partially covered in slimy green scales (AC +2).
You have supernaturally acute eyesight.
You possess an exceptional clarity of mind.
You are dopey. (Int -2)
You are resistant to hostile enchantments.
You are robust (+10% HP).
You occasionally shout uncontrollably at your foes.
Your muscles are very strong. (Str +4)


Message History

The bolt of cold hits you!
* * * LOW HITPOINT WARNING * * *
Unknown command.
Read which item? (? for menu, Esc to quit)
As you read the scroll of teleportation, it crumbles to dust.
You feel strangely unstable.
You are engulfed in freezing vapours.
Your resistance to physical damage fades away.
You feel protected from cold.
* * * LOW HITPOINT WARNING * * *
You block the alligator's attack. x2
You block the large slime creature's attack.
The bog body gestures at you while chanting.
You resist with almost no effort.
A bog body comes into view.
Your unstable footing causes you to fumble your attack.
The alligator bites you but does no damage.
The alligator tail-slaps you but does no damage.
The large slime creature hits you but does no damage.
The alligator bites you.
You die...

≈≈≈.♣♣. ≈.≈♣
n≈≈≈..≈≈≈.
.≈.♣
≈≈≈≈..≈≈≈ ≈t.
.....≈≈≈ ≈≈
≈≈.....♣♣♣.♣
♣≈≈§..♣≈.♣♣
♣)§≈≈♣♣<≈≈♣
♣nt≈♣§.≈♣
♣@J≈♣.§≈♣
♣♣♣♣§♣♣§.....
♣.....≈≈≈≈
≈$≈...≈≈≈≈
..≈...≈≈≈≈≈
♣$....(.≈≈§≈
?§....♣♣♣.≈.
.≈≈≈.[≈♣ .
.......≈.


You could see an alligator, a large slime creature and 2 bog bodies.

Vanquished Creatures
  Gastronok (Lair:1)
  Roxanne (Spider:3)
  2 emperor scorpions (Spider:3)
  Snorg (Lair:3)
  Fannar (Lair:3)
  2 entropy weavers (Spider:2)
  Harold (Lair:3)
  7 hydras
  5 alligators
  2 catoblepae
  Sonja (Lair:2)
  A shambling mangrove (Swamp:1)
  13 wolf spiders
  10 orb spiders
  A griffon (Lair:3)
  2 hornets
  A slime creature (Swamp:3)
  A moth of wrath (Spider:3)
  A black mamba (Lair:5)
  3 torpor snails
  The ghost of Stick the Covered, an experienced FoFi (D:5)
  13 spiny frogs
  13 jumping spiders
  A polar bear (Lair:4)
  11 demonic crawlers
  A queen bee (Spider:2)
  A komodo dragon (Lair:1)
  Prince Ribbit (Lair:3)
  3 giant leeches
  15 blink frogs
  3 bog bodies (Swamp:1)
  11 trapdoor spiders
  Sigmund (D:6)
  17 redbacks
  10 tarantellas
  9 wolves
  4 hippogriffs
  3 spriggans (Swamp:1)
  12 yaks
  Menkaure (Ossuary)
  5 basilisks
  3 wargs (D:8)
  4 vampire mosquitoes (Swamp:2)
  12 swamp worms
  7 water moccasins
  6 wasps (Swamp:1)
  7 porcupines
  Duvessa (D:5)
  17 spiders
  2 ice beasts
  2 ogres
  A black bear (D:7)
  6 swamp drakes
  A centaur (D:7)
  8 crocodiles
  15 giant frogs
  Blork the orc (D:6)
  Dowan (D:5)
  6 scorpions
  4 wights (D:8)
  18 killer bees (Spider:2)
  The ghost of Stick the Shield-Bearer, a weakling FoFi (D:3)
  2 jellies
  Crazy Yiuf (D:6)
  7 iguanas
  3 orc priests
  3 crimson imps (D:5)
  3 hounds
  2 orc wizards
  3 giant frog skeletons
  7 worker ants
  A killer bee zombie (D:5)
  4 sheep (Lair:2)
  A hound skeleton (D:8)
  3 mummies (Ossuary)
  37 river rats
  6 adders
  4 gnolls (D:6)
  2 shadow imps
  3 oozes
  2 adder skeletons
  A worm (D:5)
  3 giant geckos
  19 orcs
  A ball python (D:2)
  5 giant cockroaches
  14 goblins
  11 hobgoblins
  19 jackals
  11 kobolds
  2 quokkas
  11 bats
  A giant gecko skeleton (D:6)
  4 giant newts
  5 gnoll skeletons (Ossuary)
  5 gnoll zombies (Ossuary)
  4 goblin skeletons (Ossuary)
  2 goblin zombies (Ossuary)
  3 hobgoblin skeletons (Ossuary)
  3 hobgoblin zombies (Ossuary)
  A jackal zombie (D:8)
  A kobold skeleton (Ossuary)
  2 kobold zombies (Ossuary)
  An orc skeleton (Ossuary)
  6 orc zombies (Ossuary)
  10 rats
  4 rat skeletons (Ossuary)
  2 bushes
  16 fungi
  7 plants
584 creatures vanquished.

Vanquished Creatures (others)
  A jumping spider (Spider:3)
  A bog body (Swamp:3)
  A killer bee (Spider:2)
  A gnoll zombie (Ossuary)
  4 goblin skeletons (Ossuary)
  5 hobgoblin zombies (Ossuary)
  2 kobold skeletons (Ossuary)
  A rat skeleton (Ossuary)
  A rat zombie (Ossuary)
  8 fungi
  3 plants
28 creatures vanquished.

Grand Total: 612 creatures vanquished

Notes
Turn   | Place    | Note
--------------------------------------------------------------
     0 | D:1      | karlkraus the Minotaur Fighter began the quest for the Orb.
     0 | D:1      | Reached XP level 1. HP: 19/19 MP: 0/0
   193 | D:1      | Reached XP level 2. HP: 27/27 MP: 1/1
   297 | D:1      | Reached skill level 4 in Armour
   589 | D:1      | Reached XP level 3. HP: 33/33 MP: 2/2
  1268 | D:3      | Reached XP level 4. HP: 38/40 MP: 3/3
  1702 | D:3      | Noticed Stick's ghost (weakling FoFi)
  1710 | D:3      | Killed Stick's ghost
  1710 | D:3      | Reached skill level 1 in Dodging
  1710 | D:3      | Reached XP level 5. HP: 25/47 MP: 4/4
  1806 | D:3      | Reached skill level 5 in Armour
  2010 | D:4      | Noticed an ogre
  2011 | D:4      | Reached skill level 5 in Shields
  2011 | D:4      | Reached XP level 6. HP: 41/53 MP: 5/5
  2022 | D:4      | Killed an ogre
  2275 | D:4      | Gained mutation: You are dopey. (Int -2) [potion of mutation]
  2275 | D:4      | Gained mutation: You are robust (+10% HP). [potion of mutation]
  2275 | D:4      | Gained mutation: You possess an exceptional clarity of mind. [potion of mutation]
  2710 | D:5      | Entered Level 5 of the Dungeon
  2720 | D:5      | Noticed Dowan
  2722 | D:5      | Noticed Duvessa
  2727 | D:5      | Killed Duvessa
  2727 | D:5      | Reached skill level 5 in Fighting
  2727 | D:5      | Reached skill level 6 in Armour
  2727 | D:5      | Reached XP level 7. HP: 65/67 MP: 6/6
  2737 | D:5      | Killed Dowan
  2744 | D:5      | Reached skill level 5 in Maces & Flails
  2951 | D:5      | Gained mutation: Your muscles are strong. (Str +2) [potion of mutation]
  2951 | D:5      | Gained mutation: Your muscles are very strong. (Str +4) [potion of mutation]
  2951 | D:5      | Gained mutation: You have supernaturally acute eyesight. [potion of mutation]
  2952 | D:5      | Gained mutation: You are resistant to hostile enchantments. [potion of mutation]
  3003 | D:5      | Found a staircase to the Ecumenical Temple.
  3037 | Temple   | Entered the Ecumenical Temple
  3065 | Temple   | Became a worshipper of Qazlal Stormbringer
  3250 | D:5      | Reached skill level 7 in Armour
  3251 | D:5      | Reached XP level 8. HP: 74/74 MP: 7/7
  3252 | D:5      | Noticed Stick's ghost (experienced FoFi)
  3271 | D:5      | Killed Stick's ghost
  3696 | D:6      | Noticed Blork the orc
  3700 | D:6      | Killed Blork the orc
  3902 | D:6      | Noticed Crazy Yiuf
  3906 | D:6      | Killed Crazy Yiuf
  3906 | D:6      | Acquired Qazlal's first power
  3906 | D:6      | Reached skill level 8 in Shields
  4180 | D:6      | Noticed Sigmund
  4192 | D:6      | Killed Sigmund
  4859 | D:7      | Reached XP level 9. HP: 79/85 MP: 8/8
  5107 | D:7      | Reached skill level 9 in Shields
  5197 | D:7      | Acquired Qazlal's second power
  5396 | D:8      | Found an opulent altar of Gozag.
  5401 | D:8      | Found a bloodstained altar of Trog.
  5412 | D:8      | Found a shadowy altar of Dithmenos.
  5463 | D:8      | Reached skill level 1 in Stealth
  5497 | D:8      | Found a staircase to the Lair.
  5819 | D:8      | Found a sand-covered staircase.
  5829 | Ossuary  | Entered an ossuary
  5880 | Ossuary  | Acquired Qazlal's third power
  6057 | Ossuary  | Noticed Menkaure
  6061 | Ossuary  | Killed Menkaure
  6116 | D:8      | Gained mutation: Your spells are a little harder to cast, but a little more powerful. [potion of mutation]
  6116 | D:8      | Gained mutation: You are partially covered in slimy green scales (AC +2). [potion of mutation]
  6116 | D:8      | Lost mutation: Your spells are a little harder to cast, but a little more powerful. [potion of mutation]
  6117 | D:8      | Gained mutation: You are partially covered in icy blue scales (AC +1). [potion of mutation]
  6118 | D:8      | Gained mutation: You are agile. (Dex +2) [potion of mutation]
  6118 | D:8      | Gained mutation: You occasionally shout uncontrollably at your foes. [potion of mutation]
  6310 | D:8      | Reached skill level 10 in Shields
  6491 | Lair:1   | Entered Level 1 of the Lair of Beasts
  6705 | Lair:1   | Reached XP level 10. HP: 88/94 MP: 9/9
  6774 | Lair:1   | Acquired Qazlal's fourth power
  7227 | Lair:2   | Noticed Gastronok
  7242 | Lair:2   | Reached skill level 11 in Shields
  7252 | Lair:2   | Noticed Sonja
  7256 | Lair:2   | Reached skill level 10 in Maces & Flails
  7301 | Lair:2   | Noticed an eight-headed hydra
  7306 | Lair:2   | Killed Sonja
  7401 | Lair:1   | Killed an eight-headed hydra
  7444 | Lair:1   | Killed Gastronok
  7444 | Lair:1   | Reached skill level 10 in Armour
  7444 | Lair:1   | Reached skill level 12 in Shields
  7444 | Lair:1   | Reached XP level 11. HP: 28/104 MP: 10/10
  7663 | Lair:2   | Reached skill level 5 in Dodging
  7995 | Lair:2   | Acquired Qazlal's fifth power
  8106 | Lair:3   | Noticed Harold
  8123 | Lair:3   | Killed Harold
  8139 | Lair:3   | Noticed a five-headed hydra
  8149 | Lair:3   | Killed a five-headed hydra
  8149 | Lair:3   | Reached skill level 10 in Fighting
  8261 | Lair:3   | Noticed Snorg
  8284 | Lair:3   | Killed Snorg
  8385 | Lair:3   | Noticed a five-headed hydra
  8389 | Lair:3   | Killed a five-headed hydra
  8389 | Lair:3   | Reached XP level 12. HP: 85/117 MP: 11/11
  8392 | Lair:3   | Noticed Prince Ribbit
  8456 | Lair:3   | Noticed Fannar
  8479 | Lair:3   | Killed Fannar
  8501 | Lair:3   | Killed Prince Ribbit
  8609 | Lair:3   | Reached skill level 1 in Evocations
  8658 | Lair:3   | Identified Lehudib's Papyrus of Fiery Attacks
  9244 | Lair:4   | Reached skill level 13 in Maces & Flails
  9245 | Lair:4   | Noticed a four-headed hydra
  9249 | Lair:4   | Killed a four-headed hydra
  9514 | Lair:5   | Noticed a four-headed hydra
  9519 | Lair:5   | Killed a four-headed hydra
  9520 | Lair:5   | Noticed a catoblepas
  9540 | Lair:4   | Killed a catoblepas
  9822 | Lair:5   | Found a hole to the Spider Nest.
 10137 | Lair:5   | Found a staircase to the Swamp.
 10143 | Lair:5   | Reached skill level 14 in Maces & Flails
 10465 | Lair:5   | Noticed a catoblepas
 10471 | Lair:5   | Killed a catoblepas
 10471 | Lair:5   | Reached XP level 13. HP: 114/129 MP: 12/12
 10788 | Spider:1 | Entered Level 1 of the Spider Nest
 11680 | Spider:2 | Reached skill level 15 in Maces & Flails
 12777 | Spider:2 | Reached XP level 14. HP: 111/143 MP: 13/13
 12932 | Spider:3 | Reached skill level 16 in Maces & Flails
 12993 | Spider:3 | Got a bound pewter ring
 13056 | Spider:3 | Noticed Roxanne
 13621 | Spider:3 | Killed Roxanne
 13623 | Spider:3 | Identified Roxanne's Volume of Earth and Shape Shifting (You took it off Roxanne on level 3 of the Spider Nest)
 13792 | Spider:4 | Entered Level 4 of the Spider Nest
 13794 | Spider:4 | Noticed an emperor scorpion
 13796 | Spider:4 | Noticed an emperor scorpion
 13798 | Spider:4 | Noticed an emperor scorpion
 13814 | Spider:3 | Killed an emperor scorpion
 13826 | Spider:3 | Killed an emperor scorpion
 14146 | Swamp:1  | Entered Level 1 of the Swamp
 14458 | Swamp:1  | Identified the ring of Yclac {rF+ AC+2} (You found it on level 3 of the Spider Nest)
 14574 | Swamp:1  | Lost mutation: You are agile. (Dex +2) [potion of mutation]
 14751 | Swamp:1  | Reached skill level 17 in Maces & Flails
 14889 | Swamp:2  | Reached skill level 15 in Fighting
 15419 | Swamp:3  | HP: 4/148 [bog body] (16)]
 15420 | Swamp:3  | Slain by an alligator

Vault maps used:
D:1:      lightli_arrival_maybe_door_vault, serial_glass, glass_columns_c,
          glass_columns_a, glass_columns_a, glass_columns_a, glass_columns_a,
          glass_columns_b, glass_columns_b, glass_columns_b
D:5:      minmay_temple_entry_steel_oval, first_bread,
          minmay_misc_feat_enclosed, uniq_duvessa
D:6:      hex_large, uniq_sigmund, uniq_blork_the_orc, uniq_crazy_yiuf_cottage
D:8:      gammafunk_temple_overflow_forgotten, erik_lair_orcish_takeover,
          enter_ossuary_3
Temple:   lightli_temple_of_artemis
Lair:2:   small_statue_intersection, uniq_gastronok, uniq_sonja
Lair:3:   uniq_harold, uniq_prince_ribbit2, uniq_fannar, uniq_snorg
Lair:5:   minmay_swamp_entry_worms, nicolae_spider_entry_tight_spaces
Swamp:1:  evilmike_swamp_ruin_house_5
Swamp:2:  evilmike_swamp_ruin_house_1, infiniplex_staircase_pool
Swamp:3:  evilmike_swamp_ruin_house_2, uniq_louise
Spider:1: spider_trap, hangedman_spider_tarantella_strand
Spider:2: special_room
Spider:3: uniq_roxanne
Spider:4: guppyfry_spider_rune
Ossuary:  ossuary_due_pyramid

Action                   |  1- 3 |  4- 6 |  7- 9 | 10-12 | 13-15 || total
-------------------------+-------+-------+-------+-------+-------++-------
Melee: Flail             |   102 |   140 |   389 |   100 |       ||   731
       Great mace        |       |       |       |   305 |   489 ||   794
Evoke: Wand              |       |       |       |     2 |     1 ||     3
       Phial of floods   |       |       |       |       |     1 ||     1
       Fan of gales      |       |       |       |       |     1 ||     1
  Use: Scroll            |     1 |     7 |    12 |    16 |     9 ||    45
       Potion            |       |     3 |     6 |     3 |     9 ||    21
 Stab: Confused          |       |       |       |       |     1 ||     1
  Eat: Chunk             |       |     5 |     8 |     9 |    15 ||    37
       Pizza             |       |       |     2 |     1 |     2 ||     5
       Beef jerky        |       |       |     1 |       |     2 ||     3
       Fruit             |       |       |       |     1 |       ||     1
       Meat ration       |       |       |       |     1 |       ||     1
